 Dungeon Crawl Stone Soup version 0.16.1-4-g8e1b745 (webtiles) character file.

202834 inmateoo the Brawler (level 18, -1/163 HPs)
             Began as a Minotaur Hunter on Mar 27, 2015.
             Was a Priest of Cheibriados.
             Killed from afar by a deep elf annihilator (53 damage)
             ... with a crystal spear
             ... on level 3 of the Elven Halls on Mar 28, 2015.
             The game lasted 00:54:13 (30238 turns).

inmateoo the Brawler (Minotaur Hunter)             Turns: 30238, Time: 00:54:13

Health: -1/163     AC: 24    Str: 36    XL:     18   Next: 34%
Magic:  15/37      EV: 19    Int: 18    God:    Cheibriados [***...]
Gold:   1176       SH: 16    Dex: 21    Spells: 7 memorised, 8 levels left

rFire  + + .     SeeInvis +       - Unarmed
rCold  + + .     Clarity  +     J - +0 chain mail of the First Suns {+Fly rC+ Regen+ Slay+6 Stlth-}
rNeg   . . .     SustAb   .     R - +1 shield {AC+3}
rPois  +         Gourm    .     l - +1 hat "Oqaen" {-Cast rPois MR+ MP+9 Str+2}
rElec  +         Spirit   .     G - +2 cloak {+Inv}
rCorr  .         Warding  .     w - +0 pair of gloves
rMut   .         Stasis   .     e - +1 pair of boots of Dithmenos' Displeasure {Str+4}
MR     +++..     NoCast   +     P - amulet of the Dragon {Clar rF+}
Stlth  ..........               O - ring of Ocyosko {rElec MR+ Str+2 Dex-3 Slay+6 SInv}
                                j - ring of protection from fire

@: lethally poisoned (-1 -> -1), weakened, very slow, extremely resistant to
hostile enchantments, extremely unstealthy
A: retaliatory headbutt, horns 2, clever 1, cold resistance 1
a: Bend Time, Temporal Distortion, Renounce Religion, Evoke Invisibility, Evoke
Flight


You were on level 3 of the Elven Halls.
You worshipped Cheibriados.
Cheibriados was most pleased with you.
You were very hungry.

You visited 5 branches of the dungeon, and saw 31 of its levels.
You also visited: Labyrinth and Ice Cave.

You collected 3236 gold pieces.
You spent 2060 gold pieces at shops.

Inventory:

Hand weapons
 a - a +1 short sword
Missiles
 U - 3 throwing nets (quivered)
Armour
 e - the +1 pair of boots of Dithmenos' Displeasure (worn) {Str+4}
   (You acquired it on level 1 of the Elven Halls)

   It affects your strength (+4).
 l - the +1 hat "Oqaen" (worn) {-Cast rPois MR+ MP+9 Str+2}
   (You bought it in a shop on level 4 of the Orcish Mines)

   It affects your strength (+2).
   It protects you from poison.
   It affects your resistance to hostile enchantments.
   It affects your magic capacity (+9).
   It prevents spellcasting.
 w - a +0 pair of gloves (worn)
 G - a +2 cloak of invisibility (worn)
 J - the +0 chain mail of the First Suns (worn) {+Fly rC+ Regen+ Slay+6 Stlth-}
   (You found it on level 8 of the Lair of Beasts)

   It affects your accuracy and damage with ranged weapons and melee attacks
   (+6).
   It protects you from cold.
   It lets you fly.
   It increases your rate of regeneration.
   It makes you less stealthy.
 R - a +1 shield of protection (worn)
 T - the +3 hat of Pondering {ponderous, MR+ MP+10 Int+5}
   (You took it off Gastronok on level 2 of the Lair of Beasts)

   It affects your intelligence (+5).
   It affects your resistance to hostile enchantments.
   It affects your magic capacity (+10).
Jewellery
 h - an uncursed ring of positive energy
 j - a ring of protection from fire (left hand)
 M - an uncursed ring of teleportation
 O - the ring of Ocyosko (right hand) {rElec MR+ Str+2 Dex-3 Slay+6 SInv}
   (You bought it in a shop on level 4 of the Orcish Mines)

   [ring of see invisible]

   It affects your strength (+2).
   It affects your dexterity (-3).
   It affects your accuracy and damage with ranged weapons and melee attacks
   (+6).
   It insulates you from electricity.
   It affects your resistance to hostile enchantments.
   It enhances your eyesight.
 P - the amulet of the Dragon (around neck) {Clar rF+}
   (You bought it in a shop on level 4 of the Orcish Mines)

   [amulet of clarity]

   It provides mental clarity.
   It protects you from fire.
Magical devices
 r - a wand of cold (8)
 t - a wand of fire (6)
 F - a wand of lightning (2)
 I - a wand of disintegration (7)
 K - a wand of digging (7)
Scrolls
 c - 4 scrolls of fear
 d - 3 scrolls of amnesia
 k - 6 scrolls of fog
 n - 9 scrolls of remove curse
 x - 5 scrolls of blinking
 y - a scroll of teleportation
 z - 9 scrolls of identify
 L - 2 scrolls of enchant armour
 V - a scroll of magic mapping
Potions
 g - 2 potions of cure mutation
 m - a potion of lignification
 p - 3 potions of heal wounds
 q - 11 potions of curing
 s - 5 potions of restore abilities
 u - 2 potions of invisibility
 v - a potion of magic
 A - 2 potions of might
 B - 3 potions of cancellation
 C - 2 potions of ambrosia
 D - 3 potions of brilliance
 H - 3 potions of flight
 N - 3 potions of agility
 Z - 4 potions of resistance
Comestibles
 f - 13 bread rations
 i - 12 meat rations
 o - 21 fruits
 E - a royal jelly


   Skills:
 + Level 15.4 Fighting
 - Level 4.0 Throwing
 + Level 13.0 Armour
 + Level 12.5 Dodging
 - Level 1.0 Stealth
 + Level 11.5 Shields
 * Level 15.6 Unarmed Combat
 + Level 7.1 Spellcasting
 - Level 3.3 Charms
 + Level 5.9 Translocations
 + Level 3.8 Transmutations
 + Level 3.7 Earth Magic
 + Level 9.1 Invocations
 - Level 4.5 Evocations


You had 8 spell levels left.
You knew the following spells:

 Your Spells              Type           Power        Failure   Level  Hunger
a - Regeneration          Chrm/Necr      ##........   83%         3    ##.....
b - Shroud of Golubria    Chrm/Tloc      ###.......   14%         2    None
c - Song of Slaying       Chrm           ###.....     21%         2    None
d - Blink                 Tloc           N/A          10%         2    None
e - Control Teleport      Chrm/Tloc      ###.......   82%         4    ####...
f - Passage of Golubria   Tloc           N/A          45%         4    ####...
g - Statue Form           Trmt/Erth      ###......    100%        6    #######


Dungeon Overview and Level Annotations

Branches:
Dungeon (15/15)            Temple (1/1) D:7            Lair (8/8) D:9
 Shoals (0/5) Lair:5       Spider (0/5) Lair:4        Slime (0/6) Lair:6
    Orc (4/4) D:10            Elf (3/3) Orc:4        Vaults (0/5) D:14
 Depths (0/5) D:15

Altars:
Ashenzari
Cheibriados
Dithmenos
Elyvilon
Fedhas
Gozag
Kikubaaqudgha
Makhleb
Nemelex Xobeh
Okawaru
Qazlal
Ru
Sif Muna
Trog
Vehumet
Xom
Yredelemnul
Zin
The Shining One
Beogh

Shops:
Orc:4 [=!=   Elf:2 *   Elf:3 =*

Portals:
Trove: D:11 (give 21 scrolls of identify)

Annotations:
D:3 Rayvis' ghost, average DsFi
D:5 Rayvis' ghost, experienced MiFi
D:9 3 exclusions
Lair:2 1 exclusion


Innate Abilities, Weirdness & Mutations

You reflexively headbutt those who attack you in melee.
You have a pair of horns on your head.
Your mind is acute. (Int +2)
Your flesh is cold resistant.


Message History

The deep elf annihilator hits you but does no damage.
Unknown command.
You closely miss the deep elf annihilator.
You headbutt the deep elf annihilator!
The deep elf annihilator is almost dead.
The ghostly deep elf death mage hits you but does no damage.
The ice devil hits you! The ice devil freezes you. You resist.
You block the deep elf death mage's attack.
The deep elf high priest misses you. You block the orange demon's attack.
Unknown command.
You hit the ghostly deep elf death mage.
Your headbutt misses the ghostly deep elf death mage.
The ghostly deep elf death mage is severely damaged.
You feel sick.
The ice devil hits you but does no damage.
The ghostly deep elf death mage is infused with unholy energy.
The ghostly deep elf death mage draws life force from you and is healed!
The deep elf annihilator points at you and mumbles some strange words.
The crystal spear hits you!
You die...

*,,,,,,,,***...***,,,,,,,,*
*,,,,,,,*###....##*,,,,,,,*
*,,,,,**.........##**,,,,,*
*,,,***##.........##*,,,,,*
*,,,**#%............#,*,,,*
*,,,,,...............,,,,,*
**,,,,,......e4e4)....,,,,,**
***,,,,,......x3eex......,,,,,***
*,,,,,,,,,,,,###@###,,,,,,,,,,,,*
,,,,,,,,,,,,##.)ee.##,,,,,,,,,,,,
,,,,,,,,,,###.......###,,,,,,,,,,
,,,,,,,,,*#...).......#*,,,,,,,,,
,,,*,,,,,*#...........#*,,,,,*,,,
,,***,,,,*#...........#*,,,,***,,
,,,*,,,,,*#...........#*,,,,,*,,,
,,,,,,,,,*#...........#*,,,,,,,,,
,,,,,,,,,*#...........#*,,,,,,,,,


You could see 2 deep elf annihilators, a deep elf death mage, a ghostly deep elf
death mage, an ice devil, an orange demon, 2 deep elf high priests, a sixfirhy
and a small abomination.

Vanquished Creatures
  The ghost of zkyp the Spry, a mighty KoAM of Okawaru (Elf:3)
  2 deep elf blademasters
  Maud (Lair:5)
  3 deep elf sorcerers
  Gastronok (Lair:2)
  3 deep elf demonologists (Elf:3)
  5 deep elf annihilators
  8 vault guards (D:14)
  A deep elf death mage (Elf:3)
  4 deep elf high priests (Elf:3)
  A minotaur (Lab)
  2 centaur warriors
  4 hydras
  4 catoblepae
  Erica (Lair:4)
  4 ogre magi (Orc:4)
  An orc high priest (Elf:1)
  16 dancing weapons (Elf:2)
  29 death yaks
  A sun demon (Elf:3)
  3 skeletal warriors
  2 unseen horrors
  23 deep elf knights
  A fire crab (shapeshifter) (Elf:1)
  7 hill giants
  An ice statue (Elf:1)
  An anubis guard (shapeshifter) (Elf:3)
  11 deep elf summoners
  22 deep elf conjurers
  A griffon (Lair:7)
  3 orc sorcerers
  2 small abominations
  2 orc knights
  4 cyclopes
  A necromancer (D:10)
  2 sixfirhies (Elf:3)
  A draconian (shapeshifter) (Elf:1)
  An ugly thing (D:12)
  A manticore (D:14)
  5 black mambas
  An oklob plant (Lair:3)
  Maurice (D:8)
  2 gargoyles
  A queen ant (Lair:8)
  13 spiny frogs
  7 komodo dragons
  A demonic crawler (Elf:3)
  A guardian mummy (D:15)
  A blue devil (Elf:3)
  9 deep elf priests
  7 trolls
  13 two-headed ogres (Orc:4)
  A jumping spider (Elf:1)
  A trapdoor spider (Lair:4)
  3 wyverns
  2 flying skulls (D:10)
  5 basilisks
  4 redbacks (Elf:3)
  4 shadows
  A centaur simulacrum (D:12)
  20 blink frogs
  20 deep elf magi
  3 fire bats (Lair:2)
  Eustachio (D:9)
  6 hungry ghosts
  A neqoxec (Elf:3)
  53 yaks
  2 tarantellas
  19 deep elf fighters
  10 hippogriffs
  A chaos spawn (Elf:3)
  10 vampire mosquitoes
  A wandering mushroom (D:9)
  30 wolves
  A mottled dragon (D:14)
  7 soldier ants (Lair:8)
  Edmund (D:9)
  A tengu skeleton (D:15)
  2 wasps
  12 water moccasins
  15 orc warriors
  12 porcupines
  4 sky beasts
  9 necrophages
  23 ice beasts
  7 phantoms
  A black bear (D:11)
  A sky beast (shapeshifter) (D:14)
  33 ogres
  4 boring beetles
  17 centaurs
  Sigmund (D:2)
  Duvessa (D:6)
  6 crocodiles
  A brain worm (D:15)
  A big kobold (D:11)
  2 wyvern zombies (D:10)
  18 giant frogs
  3 troll zombies (D:10)
  3 scorpions
  4 killer bees (D:11)
  3 centaur zombies
  5 electric eels
  12 wights
  3 giant frog zombies
  A wasp zombie (D:13)
  Dowan (D:6)
  4 crimson imps
  12 hounds
  4 quasits
  A goliath beetle (D:9)
  4 iguanas
  20 orc priests
  10 jellies
  10 centaur skeletons
  10 giant frog skeletons
  8 hell rats
  An iron imp (D:9)
  29 orc wizards
  28 worker ants
  A killer bee zombie (D:10)
  5 ogre zombies (D:10)
  Jessica (D:3)
  31 sheep
  A hound zombie (D:10)
  A hound skeleton (D:9)
  A mummy (D:13)
  A worker ant zombie (D:10)
  Robin (D:2)
  27 adders
  53 river rats
  4 shadow imps
  3 worms
  2 white imps (D:9)
  5 giant mites
  An ufetubus (D:9)
  An adder zombie (D:8)
  5 adder skeletons
  4 giant geckos
  2 oozes (Lair:6)
  165 orcs
  12 bats
  18 goblins
  22 hobgoblins
  5 jackals
  16 quokkas
  5 ball pythons
  4 giant cockroaches
  A giant gecko skeleton (D:4)
  4 giant newts
  A goblin skeleton (D:10)
  5 goblin zombies (D:10)
  4 hobgoblin skeletons (D:10)
  2 hobgoblin zombies (D:10)
  8 kobolds
  2 orc skeletons (D:10)
  11 orc zombies (D:10)
  13 rats
  6 ballistomycetes
  3 crawling corpses
  A fungus (Elf:2)
  A plant (Lair:3)
1256 creatures vanquished.

Vanquished Creatures (others)
  A deep elf summoner (Elf:2)
  A deep elf conjurer (Elf:2)
  A trapdoor spider (D:13)
  A lost soul (Elf:3)
  A wight (D:14)
  2 giant spores
  A crawling corpse (Elf:3)
  14 fungi
  2 plants
24 creatures vanquished.

Grand Total: 1280 creatures vanquished

Notes
Turn   | Place    | Note
--------------------------------------------------------------
     0 | D:1      | inmateoo, the Minotaur Hunter, began the quest for the Orb.
     0 | D:1      | Reached XP level 1. HP: 18/18 MP: 1/1
   454 | D:1      | Reached XP level 2. HP: 21/26 MP: 1/1
   569 | D:1      | Reached skill level 1 in Stealth
   936 | D:2      | Noticed Robin
   971 | D:2      | Reached XP level 3. HP: 17/31 MP: 2/2
  1354 | D:2      | Killed Robin
  1649 | D:2      | Reached skill level 1 in Armour
  1788 | D:2      | Noticed Sigmund
  1798 | D:2      | Killed Sigmund
  1798 | D:2      | Reached XP level 4. HP: 33/41 MP: 2/2
  1911 | D:2      | Reached XP level 5. HP: 28/47 MP: 2/2
  2541 | D:3      | Noticed Rayvis' ghost (average DsFi)
  2592 | D:3      | Noticed Jessica
  2605 | D:3      | Killed Jessica
  2605 | D:3      | Reached skill level 5 in Fighting
  2725 | D:3      | Found a sparkling altar of Nemelex Xobeh.
  2841 | D:3      | Learned a level 3 spell: Regeneration
  2919 | D:4      | Noticed an ogre
  2921 | D:4      | Noticed an ogre
  3343 | D:3      | Killed an ogre
  3343 | D:3      | Reached XP level 6. HP: 30/57 MP: 3/3
  3627 | D:4      | Killed an ogre
  3627 | D:4      | Reached skill level 6 in Fighting
  3758 | D:4      | Noticed a phantom
  3813 | D:4      | Killed a phantom
  3813 | D:4      | Reached XP level 7. HP: 34/64 MP: 3/3
  4073 | D:4      | Reached skill level 7 in Fighting
  4303 | D:4      | Noticed an ogre
  4310 | D:4      | Killed an ogre
  4335 | D:4      | Reached skill level 5 in Dodging
  4447 | D:4      | Noticed a phantom
  4458 | D:4      | Killed a phantom
  4458 | D:4      | Reached skill level 5 in Armour
  4538 | D:5      | Entered Level 5 of the Dungeon
  4557 | D:5      | Reached skill level 8 in Fighting
  4668 | D:5      | Reached XP level 8. HP: 67/74 MP: 3/3
  4730 | D:5      | Reached skill level 1 in Unarmed Combat
  5363 | D:5      | Noticed Rayvis' ghost (experienced MiFi)
  5708 | D:6      | Found a bloodstained altar of Trog.
  5755 | D:6      | Reached skill level 9 in Fighting
  5978 | D:6      | Noticed Duvessa
  5978 | D:6      | Noticed Dowan
  5996 | D:6      | Killed Duvessa
  6001 | D:6      | Killed Dowan
  6816 | D:7      | Reached XP level 9. HP: 80/84 MP: 4/4
  6837 | D:7      | Found a staircase to the Ecumenical Temple.
  6871 | Temple   | Entered the Ecumenical Temple
  6978 | Temple   | Became a worshipper of Cheibriados the Contemplative
  7031 | D:7      | Reached skill level 5 in Unarmed Combat
  7424 | D:7      | Reached skill level 10 in Fighting
  7632 | D:7      | Gained mutation: You are weak. (Str -2) [mutagenic meat]
  7678 | D:7      | Acquired Cheibriados' first power
  7933 | D:8      | Reached skill level 1 in Spellcasting
  7966 | D:8      | Noticed a centaur warrior
  7983 | D:8      | Killed a centaur warrior
  7983 | D:8      | Reached XP level 10. HP: 44/94 MP: 6/8
  8191 | D:8      | Found an ancient bone altar of Kikubaaqudgha.
  8334 | D:8      | Noticed a cyclops
  8343 | D:8      | Killed a cyclops
  8343 | D:8      | Reached skill level 11 in Fighting
  8477 | D:8      | Noticed Maurice
  8512 | D:8      | Killed Maurice
  8512 | D:8      | Reached skill level 1 in Shields
  8621 | D:9      | Noticed Eustachio
  8660 | D:9      | Killed Eustachio
  9014 | D:9      | Reached skill level 1 in Invocations
  9014 | D:9      | Reached skill level 1 in Evocations
  9148 | D:9      | Found a staircase to the Lair.
  9689 | D:9      | Found a blossoming altar of Fedhas.
  9821 | D:9      | Noticed Edmund
  9830 | D:9      | Killed Edmund
  9853 | D:9      | Acquired Cheibriados' second power
  9925 | D:9      | Learned a level 2 spell: Shroud of Golubria
  9928 | D:9      | Learned a level 2 spell: Song of Slaying
  9965 | D:10     | Entered Level 10 of the Dungeon
 10336 | D:10     | Noticed a necromancer
 10356 | D:10     | Reached XP level 11. HP: 60/102 MP: 9/11
 10374 | D:10     | Acquired Cheibriados' third power
 10750 | D:10     | Acquired Cheibriados' fourth power
 10777 | D:10     | Found a staircase to the Orcish Mines.
 11044 | D:10     | Killed an unseen horror
 11501 | D:10     | Killed a necromancer
 11501 | D:10     | Reached skill level 12 in Fighting
 12015 | D:11     | Noticed a hill giant
 12022 | D:11     | Killed a hill giant
 12348 | D:11     | Found a portal to a secret trove of treasure.
 12472 | D:12     | Gained mutation: Your body is slowly deteriorating. [mutagenic meat]
 12474 | D:12     | Found a frozen archway.
 12507 | IceCv    | Entered an ice cave
 12518 | IceCv    | Reached skill level 10 in Unarmed Combat
 12549 | IceCv    | Noticed an ice statue
 12549 | IceCv    | Noticed an ice statue
 12549 | IceCv    | Noticed an ice statue
 12723 | IceCv    | Lost mutation: You are weak. (Str -2) [potion of cure mutation]
 12723 | IceCv    | Lost mutation: Your body is slowly deteriorating. [potion of cure mutation]
 12724 | IceCv    | Gained mutation: Your flesh is cold resistant. [potion of beneficial mutation]
 12725 | IceCv    | Gained mutation: Your mind is acute. (Int +2) [potion of beneficial mutation]
 12800 | D:12     | Reached skill level 5 in Shields
 12812 | D:12     | Reached XP level 12. HP: 81/112 MP: 16/16
 12817 | D:12     | Found a labyrinth entrance.
 12828 | Lab      | Entered a labyrinth
 13753 | Lab      | Noticed a minotaur
 13762 | Lab      | Killed a minotaur
 13764 | Lab      | Got a flickering bronze ring
 13766 | Lab      | Identified the ring "Tudwyen" {Str+4 Int+9 Dex-4} (You took it off a minotaur in a labyrinth)
 13773 | Lab      | Identified Nokaysm's Guide on Supportive Displacement
 13779 | Lab      | Identified the Volume of Earth
 13933 | D:12     | Learned a level 2 spell: Blink
 13938 | D:12     | Learned a level 4 spell: Control Teleport
 13943 | D:12     | Learned a level 4 spell: Passage of Golubria
 14575 | D:13     | Found an iron altar of Okawaru.
 14648 | D:13     | Found an iron altar of Okawaru.
 14683 | D:13     | Reached skill level 1 in Translocations
 14889 | D:13     | Noticed a centaur warrior
 15135 | D:13     | Killed a centaur warrior
 16006 | D:13     | Reached skill level 10 in Armour
 16023 | D:14     | Noticed a vault guard
 16024 | D:14     | Noticed a vault guard
 16024 | D:14     | Noticed a vault guard
 16025 | D:14     | Noticed a vault guard
 16040 | D:14     | Killed a vault guard
 16040 | D:14     | Reached skill level 5 in Invocations
 16042 | D:14     | Noticed a vault guard
 16048 | D:14     | Killed a vault guard
 16058 | D:14     | Killed a vault guard
 16059 | D:14     | Killed a vault guard
 16059 | D:14     | Reached XP level 13. HP: 27/119 MP: 8/19
 16061 | D:14     | Killed a vault guard
 16184 | D:14     | Noticed a vault guard
 16193 | D:14     | Killed a vault guard
 16450 | D:14     | Found a gate to the Vaults.
 16475 | D:14     | Noticed a vault guard
 16481 | D:14     | Killed a vault guard
 16987 | D:14     | Noticed a vault guard
 17000 | D:14     | Killed a vault guard
 17075 | D:15     | Entered Level 15 of the Dungeon
 17235 | D:15     | Reached skill level 13 in Fighting
 17250 | D:15     | Reached skill level 10 in Dodging
 17263 | D:15     | Found a staircase to the Depths.
 17658 | Lair:1   | Entered Level 1 of the Lair of Beasts
 17959 | Lair:1   | Identified a scroll of acquirement
 17962 | Lair:1   | Got a jewelled hat
 17968 | Lair:1   | Identified the -4 hat of Kuusem {rF+} (You acquired it on level 1 of the Lair of Beasts)
 18605 | Lair:2   | Noticed Gastronok
 18619 | Lair:2   | Killed Gastronok
 18791 | Lair:2   | Found a blossoming altar of Fedhas.
 19908 | Lair:4   | Found a hole to the Spider Nest.
 20077 | Lair:4   | Reached XP level 14. HP: 126/129 MP: 21/21
 20124 | Lair:4   | Reached skill level 5 in Spellcasting
 20186 | Lair:4   | Noticed Erica
 20196 | Lair:4   | Killed Erica
 20994 | Lair:5   | Noticed Maud
 21003 | Lair:5   | Killed Maud
 21212 | Lair:5   | Found a staircase to the Shoals.
 21619 | Lair:6   | Found a staircase to the Slime Pits.
 23249 | Lair:7   | Reached XP level 15. HP: 130/137 MP: 24/24
 24092 | Lair:8   | Entered Level 8 of the Lair of Beasts
 24206 | Lair:8   | Got a spiked chain mail
 24217 | Lair:8   | Identified the +0 chain mail of the First Suns {+Fly rC+ Regen+ Slay+6 Stlth-} (You found it on level 8 of the Lair of Beasts)
 24472 | Lair:8   | Reached skill level 14 in Fighting
 24701 | Lair:8   | Reached skill level 10 in Shields
 25547 | Lair:3   | Learned a level 6 spell: Statue Form
 25684 | Orc:1    | Entered Level 1 of the Orcish Mines
 25778 | Orc:1    | Found a roughly hewn altar of Beogh.
 27057 | Orc:4    | Entered Level 4 of the Orcish Mines
 27205 | Orc:4    | Found a staircase to the Elven Halls.
 27363 | Orc:4    | Reached skill level 1 in Earth Magic
 27487 | Orc:4    | Found Giunimoat's Armour Shop.
 27487 | Orc:4    | Found Dimy's Distillery.
 27490 | Orc:4    | Found Usiwkai's Jewellery Shoppe.
 27490 | Orc:4    | Found Crymur's Jewellery Boutique.
 27525 | Orc:4    | Bought the ring of Ocyosko {rElec MR+ Str+2 Dex-3 Slay+6 SInv} for 750 gold pieces
 27525 | Orc:4    | Bought the amulet of the Dragon {Clar rF+} for 442 gold pieces
 27537 | Orc:4    | Bought a potion of curing for 54 gold pieces
 27537 | Orc:4    | Bought a potion of agility for 72 gold pieces
 27537 | Orc:4    | Bought a potion of brilliance for 72 gold pieces
 27538 | Orc:4    | Bought the +1 hat "Oqaen" {-Cast rPois MR+ MP+9 Str+2} for 253 gold pieces
 27538 | Orc:4    | Bought a +1 shield of protection for 181 gold pieces
 27921 | Elf:1    | Entered Level 1 of the Elven Halls
 27978 | Elf:1    | Reached skill level 1 in Transmutations
 28072 | Elf:1    | Reached XP level 16. HP: 139/147 MP: 25/25
 28133 | Elf:1    | Reached skill level 5 in Translocations
 28681 | Elf:1    | Got a pair of fine boots
 28692 | Elf:1    | Identified the +1 pair of boots of Dithmenos' Displeasure {Str+4} (You acquired it on level 1 of the Elven Halls)
 28956 | Elf:2    | Reached skill level 15 in Unarmed Combat
 29051 | Elf:2    | Reached skill level 15 in Fighting
 29224 | Elf:2    | Found a runed gate.
 29225 | Elf:2    | Found a runed gate.
 29228 | Elf:2    | Found a runed gate.
 29250 | Elf:2    | Noticed a deep elf blademaster
 29255 | Elf:2    | Killed a deep elf blademaster
 29404 | Elf:2    | Found Ivam's General Store.
 29414 | Elf:2    | Bought 3 scrolls of identify for 90 gold pieces
 29414 | Elf:2    | Bought a scroll of identify for 30 gold pieces
 29527 | Elf:3    | Entered Level 3 of the Elven Halls
 29540 | Elf:3    | Reached XP level 17. HP: 121/156 MP: 27/27
 29672 | Elf:3    | Found a radiant altar of Vehumet.
 29903 | Elf:3    | Noticed zkyp's ghost (mighty KoAM)
 29911 | Elf:3    | Killed zkyp's ghost
 29936 | Elf:3    | Found Vaheu's Jewellery Emporium.
 30055 | Elf:3    | Found Honli's Assorted Antiques.
 30061 | Elf:3    | Bought a fizzy black potion for 36 gold pieces
 30061 | Elf:3    | Bought a scroll of identify for 80 gold pieces
 30062 | Elf:3    | Reached XP level 18. HP: 163/163 MP: 28/28
 30202 | Elf:3    | Noticed a deep elf blademaster
 30209 | Elf:3    | Killed a deep elf blademaster
 30238 | Elf:3    | Killed from afar by a deep elf annihilator

Action                   |  1- 3 |  4- 6 |  7- 9 | 10-12 | 13-15 | 16-18 || total
-------------------------+-------+-------+-------+-------+-------+-------++-------
Melee: Short sword       |   125 |   127 |   282 |       |       |       ||   534
       Unarmed           |       |       |   114 |   789 |  1477 |   285 ||  2665
Throw: Javelin           |     6 |     2 |    15 |       |       |       ||    23
       Throwing net      |     1 |     5 |     1 |       |       |       ||     7
 Cast: Blink             |       |       |       |       |     1 |       ||     1
Invok: Slouch            |       |       |       |     2 |     4 |    17 ||    23
 Abil: Evoke Invisibilit |       |       |       |     2 |       |       ||     2
       Evoke Flight      |       |       |       |       |       |     3 ||     3
Evoke: Wand              |       |       |       |     4 |       |     3 ||     7
  Use: Scroll            |     7 |     6 |     6 |    11 |     9 |     4 ||    43
       Potion            |       |       |     3 |     7 |       |     1 ||    11
 Stab: Invisible         |       |       |       |     4 |       |       ||     4
       Distracted        |       |       |       |       |     2 |       ||     2
  Eat: Chunk             |     2 |     7 |    13 |    12 |    19 |       ||    53
       Beef jerky        |       |       |     1 |       |     4 |     1 ||     6
       Pizza             |       |       |       |     1 |     3 |       ||     4
       Fruit             |       |       |       |     1 |       |       ||     1
       Royal jelly       |       |       |       |     2 |       |     1 ||     3
       Meat ration       |       |       |       |     1 |       |       ||     1
